 Dungeon Crawl Stone Soup version 0.29-a0-613-gf2c431b9b9 (webtiles) character file.

Game seed: 14927037339986855419

1 blackman the Sneak (level 1, -4/18 HPs)
             Began as a Human Delver on June 16, 2022.
             Slain by a gnoll
             ... wielding a +2 vampiric spear
              (10 damage)
             ... on level 4 of the Dungeon.
             The game lasted 00:03:07 (205 turns).

blackman the Sneak (Human Delver)                    Turns: 205, Time: 00:03:07

Health: -4/18      AC:  3    Str: 12    XL:     1   Next: 22%
Magic:  1/1        EV: 12    Int: 10    God:
Gold:   0          SH:  0    Dex: 14    Spells: 0/0 levels left

rFire   . . .      SeeInvis .   a - +0 hand axe
rCold   . . .      Faith    .   (no shield)
rNeg    . . .      Spirit   .   b - +0 leather armour
rPois   .          Reflect  .   (no helmet)
rElec   .          Harm     .   (no cloak)
rCorr   .          Rampage  .   (no gloves)
Will    .....                   (no boots)
Stlth   +++.......              (no amulet)
HPRegen 0.06/turn               (no ring)
MPRegen 0.07/turn               (no ring)

@: no status effects
A: no striking features
a: no special abilities


You were on level 4 of the Dungeon.
You visited 1 branch of the dungeon, and saw 2 of its levels.

Inventory:

Hand Weapons
 a - a +0 hand axe (weapon)
Armour
 b - a +0 leather armour (worn)
Wands
 g - a wand of digging (3)
Scrolls
 c - a scroll of fog


   Skills:
 - Level 3.0 Fighting
 + Level 2.1 Axes
 - Level 2.0 Dodging
 - Level 5.0 Stealth


You couldn't memorise any spells.
You didn't know any spells.
Your spell library was empty.

Dungeon Overview and Level Annotations

Branches:
Dungeon (5/15)             Temple (0/1) D:5

Altars:

Annotations:
D:4 Eustachio, Robin


Message History

The goblin looks frightened! x2; The hobgoblin looks frightened!
The hobgoblin shouts!
The goblin looks frightened!
The orc looks frightened!
The orc priest looks frightened!
The orc looks frightened! x2
The gnoll looks frightened! x3; The hobgoblin looks frightened!
An orc comes into view. It is wielding a +0 mace.
Cornered, Robin turns to fight!
The orc hits you with a +0 mace. Robin throws the goblin at you!
Cornered, the goblin turns to fight!
Cornered, the hobgoblin turns to fight!
The orc misses you.
Cornered, the goblin turns to fight!
You hit the goblin.
Your attack snaps the goblin out of its fear.
The goblin is moderately wounded.
Cornered, the hobgoblin turns to fight!
The goblin hits you with a +0 dagger.
Robin roars a battlecry!
The goblins go into a battle-frenzy!
You barely miss the goblin.
The goblin is moderately wounded.
You hit the orc. The orc hits you with a +0 mace.
The goblin hits you with a +0 dagger.
* * * LOW HITPOINT WARNING * * *
The goblin closely misses you.
Cornered, the orc priest turns to fight!
Robin roars a battlecry!
The hobgoblin goes into a battle-frenzy!
Robin roars a battlecry!
The goblin goes into a battle-frenzy!
Your extra speed is starting to run out.
You feel yourself slow down.
Found 16 stones.
The goblin no longer looks unusually strong.
A gnoll comes into view.
It is wielding a +0 spear. 2 gnolls come into view.
The gnoll shouts!
An iguana comes into view.
An ogre comes into view. It is wielding a +0 giant club.
Found a stone staircase leading down.
The gnoll hits you with a +2 vampiric spear!
Ouch! That really hurt!
You die...

#.g# #g## ##.# #..#
###g## #....# #.....##.##
O#.....#..##
#l##.>....@##### #
#.....g.....####
#...............###
..................## #
...................### #
.....................# ##
.......##...........####.
....## ##.........J.... ≈
###......####..


You could see 2 gnolls.

Vanquished Creatures
  A hobgoblin (D:4)
1 creature vanquished.

Notes
Turn   | Place    | Note
-------+----------+-------------------------------------------
     0 | D:5      | blackman the Human Delver began the quest for the Orb.
     0 | D:5      | Reached XP level 1. HP: 18/18 MP: 1/1
    23 | D:4      | Noticed a necrophage
   128 | D:4      | Noticed a jelly
   128 | D:4      | Noticed an orc priest
   130 | D:4      | Noticed a scorpion
   133 | D:4      | Noticed a phantom
   153 | D:4      | Noticed Eustachio
   158 | D:4      | Noticed an orc priest
   159 | D:4      | Noticed Robin
   201 | D:4      | Noticed an iguana
   202 | D:4      | Noticed an ogre
   205 | D:4      | Slain by a gnoll

Illustrated notes

Levels and vault maps discovered:
D:4:      cheibrodos_helix_gallery, layout_cave_pods, minmay_manual_mess,
          uniq_eustachio, uniq_robin
D:5:      minmay_polygon_palace, layout_basic, minmay_temple_entry_from_below_a,
          cheibrodos_sewer_entry_bend, uniq_crazy_yiuf_cottage, uniq_duvessa

Action                   || total
-------------------------++-------
Melee: Hand axe          ||     3
  Use: Scroll            ||     2
       Potion            ||     1
 Stab: Sleeping          ||     1
Dodge: Dodged            ||     4

Table legend: (Time is in decaauts)
 A = Elapsed time spent in this place.
 B = Non-inter-level travel time spent in this place.
 C = Inter-level travel time spent in this place.
 D = Time resting spent in this place.
 E = Time spent auto-exploring this place.
 F = Levels seen in this place.
 G = Mean time per level.
                   A        B        C        D        E       F      G
               +--------+--------+--------+--------+--------+-----+--------+
         Total |    188 |    188 |      0 |      0 |      0 |   2 |   94.0 |
       Dungeon |    188 |    188 |      0 |      0 |      0 |   2 |   94.0 |
               +--------+--------+--------+--------+--------+-----+--------+

Top non-repeatable levels by time:
     D:4: 168 daAuts
     D:5: 20 daAuts
